 Dungeon Crawl Stone Soup version 0.28-a0-401-ge240ad9e29 (webtiles) character file.

Game seed: 1215262262662741719

520 omnomnOMINOUS the Digger (level 7, -1/47 HPs)
             Began as an Octopode Wanderer on Sept 5, 2021.
             Was an Initiate of Gozag.
             Slain by a yak (12 damage)
             ... on level 4 of the Dungeon.
             The game lasted 00:19:47 (6873 turns).

omnomnOMINOUS the Digger (Octopode Wanderer)        Turns: 6873, Time: 00:19:48

Health: -1/47      AC:  8    Str: 10 (12) XL:     7   Next: 21%
Magic:  0/11       EV: 14    Int: 15      God:    Gozag
Gold:   674        SH:  0    Dex: 11 (12) Spells: 8/12 levels left

rFire   . . .      SeeInvis +   d - +2 dagger (protect)
rCold   . . .      Faith    .   (no shield)
rNeg    . . .      Spirit   .   (helmet restricted)
rPois   .          Reflect  .   (no amulet)
rElec   .          Harm     .   g - ring of see invisible
rCorr   .          Rampage  .   (no ring)
Will    .....                   (no ring)
Stlth   ++........              (no ring)
HPRegen 0.15/turn               (no ring)
MPRegen 0.12/turn               (no ring)
                                (no ring)
                                (no ring)

@: under a protective aura
A: almost no armour, amphibious, 8 rings, camouflage 1, gelatinous body 1,
(nimble swimmer 1), tentacles
a: Renounce Religion, Potion Petition, Call Merchant, Bribe Branch


You were on level 4 of the Dungeon.
You worshipped Gozag.
Gozag was pleased with you.
You visited 1 branch of the dungeon, and saw 4 of its levels.

You collected 674 gold pieces.

Inventory:

Hand Weapons
 b - a +4 dagger
 d - a +2 dagger of protection (weapon)
 f - a +2 dagger of holy wrath
Missiles
 c - 161 stones (quivered)
Magical Staves
 a - a staff of conjuration
Jewellery
 g - a ring of see invisible (left tentacle)
Scrolls
 e - 5 scrolls of identify {unknown}
 h - 2 scrolls of enchant weapon {unknown}
 l - 2 scrolls of fog {unknown}
 n - a scroll of brand weapon {unknown}


   Skills:
 + Level 3.8 Fighting
 + Level 3.8 Dodging
 - Level 1.0 Shields
 - Level 3.0 Spellcasting
 * Level 2.6 Conjurations
 - Level 2.0 Fire Magic
 - Level 4.0 Earth Magic
 - Level 2.4 Poison Magic
 - Level 1.1 Evocations


You had 8 spell levels left.
You knew the following spells:

 Your Spells              Type           Power      Damage    Failure   Level
a - Sandblast             Erth           28%        2d8       3%          1
b - Stone Arrow           Conj/Erth      24%        3d8       16%         3

Your spell library contained the following spells:

 Spells                   Type           Power      Damage    Failure   Level
 Foxfire                  Conj/Fire      36%        2x1d5     8%          1
 Passwall                 Tmut/Erth      6%         N/A       13%         2
 Animate Skeleton         Necr           4%         N/A       21%         1
 Pain                     Necr           8%         1d4       21%         1
 Summon Small Mammal      Summ           8%         N/A       21%         1
 Conjure Flame            Conj/Fire      9%         6-21      24%         3
 Ensorcelled Hibernation  Hex/Ice        4%         N/A       30%         2
 Inner Flame              Hex/Fire       5%         N/A       36%         3
 Spider Form              Tmut/Pois      2%         N/A       36%         3
 Summon Guardian Golem    Hex/Summ       2%         N/A       52%         3
 Vampiric Draining        Necr           1%         2d6       52%         3
 Flame Wave               Conj/Fire      9%         3d4       61%         4
 Petrify                  Tmut/Erth      8%         N/A       65%         4


Dungeon Overview and Level Annotations

Branches:
Dungeon (4/15)
 Temple: D:4-7

Altars:
Gozag
Qazlal
Yredelemnul

Annotations:
D:2 Sigmund


Innate Abilities, Weirdness & Mutations

You cannot wear most types of armour.
You are amphibious.
You can wear up to eight rings at the same time.
Your skin changes colour to match your surroundings (Stealth+).
Your rubbery body absorbs attacks. (AC +1, EV +1)
((You are camouflaged near water. (Stealth+)))
You have tentacles for arms and can constrict up to eight enemies at once.


Message History

The blast of sand hits the yak.
The yak is almost dead.
c - 162 stones The yak gores you.
b - a +4 dagger (weapon)
You hit the yak but do no damage.
The yak is almost dead.
The yak misses you.
You hit the yak.
The yak is almost dead.
The yak gores you.
Your +2 dagger of protection hums with potential!
d - a +2 dagger of protection (weapon)
The yak barely misses you.
You hit the yak.
Your weapon exudes an aura of protection.
The yak is almost dead.
The yak gores you.
You hit the yak but do no damage. Your squeeze misses the yak.
The yak is almost dead.
The yak gores you but does no damage.
Casting: Sandblast (safe; 3% risk of failure)
Confirm with . or Enter, or press ? or * to list all spells.
Aiming: Sandblast (safe; 3% risk of failure)
Press: ? - help, Shift-Dir - straight line, f/p - yak
Aim: a yak (almost dead, 87% to hit)
The blast of sand misses the yak.
c - 161 stones The yak misses you.
You hit the yak but do no damage. You squeeze the yak, but do no damage.
The yak is almost dead.
The yak gores you!
* * * LOW HITPOINT WARNING * * *
You aren't carrying any potions.
You aren't carrying any items that you can evoke.
You hit the yak but do no damage.
The yak is almost dead.
The yak gores you!
You die...
Your body crumbles into a pile of gold.

............#.........
............##.......#..
.............#..........
.............#.# #.#..# #
.............#.###...##.#
.............#.<#...#...#
##.###.....#..)>......# #..
#........)Y....####.. ##.
#.......)..@........#
#.#####.......##.#########...
#...#........................
......#..........#######.....
......##.....#..## ...
.............#..# #>......
................## .......
......#..........# ......>
.....##..........# ##.Y$Y..


You could see a yak.

Vanquished Creatures
  An ogre (D:4)
  A jelly (D:4)
  A hound (D:3)
  3 orc priests
  Jessica (D:2)
  Natasha (thrice) (D:2)
  An orc wizard (D:3)
  4 gnolls
  2 adders (D:3)
  A worm (D:2)
  8 dart slugs (D:3)
  16 orcs
  4 endoplasms
  2 giant cockroaches
  7 goblins
  4 hobgoblins
  8 kobolds
  6 quokkas
  5 ball pythons
  6 bats
  2 frilled lizards (D:2)
86 creatures vanquished.

Notes
Turn   | Place    | Note
-------+----------+-------------------------------------------
     0 | D:1      | omnomnOMINOUS the Octopode Wanderer began the quest for the
                  | Orb.
     0 | D:1      | omnomnOMINOUS set off with the following items: a +0 club,
                  | a scroll of teleportation; and the following spells
                  | available to memorise: Sandblast, Passwall, Summon Small
                  | Mammal, Stone Arrow, Summon Guardian Golem, Petrify
     0 | D:1      | Reached XP level 1. HP: 11/11 MP: 1/1
   273 | D:1      | Found a faded altar of an unknown god.
   285 | D:1      | Became a worshipper of Gozag Ym Sagoz the Greedy
   572 | D:1      | Reached XP level 2. HP: 15/18 MP: 2/2
   926 | D:2      | Reached skill level 1 in Fighting
  1056 | D:2      | Noticed Natasha
  1064 | D:2      | Killed Natasha
  1065 | D:2      | Reached skill level 1 in Dodging
  1065 | D:2      | Reached skill level 1 in Spellcasting
  1065 | D:2      | Reached XP level 3. HP: 8/23 MP: 3/5
  1095 | D:2      | Noticed Natasha
  1276 | D:2      | Killed Natasha
  1277 | D:2      | Reached XP level 4. HP: 14/29 MP: 6/6
  1759 | D:2      | Noticed Natasha
  1806 | D:2      | Killed Natasha
  2266 | D:2      | Noticed Sigmund
  2557 | D:2      | Noticed Jessica
  2569 | D:2      | Killed Jessica
  2570 | D:2      | Reached XP level 5. HP: 21/35 MP: 8/8
  3687 | D:3      | Found a stormy altar of Qazlal.
  4053 | D:3      | Reached XP level 6. HP: 35/42 MP: 8/10
  4110 | D:3      | Found a basalt altar of Yredelemnul.
  4375 | D:4      | Noticed a yak
  4376 | D:4      | Noticed a yak
  5102 | D:4      | Noticed a yak
  5102 | D:4      | Noticed a yak
  5108 | D:4      | Noticed a yak
  5274 | D:4      | Learned a level 3 spell: Stone Arrow
  5640 | D:3      | Reached skill level 1 in Conjurations
  6118 | D:3      | Learned a level 1 spell: Sandblast
  6579 | D:4      | Reached XP level 7. HP: 47/47 MP: 6/11
  6873 | D:4      | Slain by a yak

Illustrated notes

Levels and vault maps discovered:
D:1:      saegor_arrival_simple_b, layout_rooms, basic_ecumenical_altar,
          minmay_misc_feat_secret_circle, st_stairs_12
D:2:      layout_basic, uniq_jessica, uniq_natasha, uniq_sigmund
D:3:      kennysheep_slugbush, layout_basic,
          mainiacjoe_overflow_surrounded_room, grunt_qazlal_clouds,
          minmay_close_crescents
D:4:      layout_rooms, old_standard_altar, biasface_ghost_orc_armoury,
          uniq_edmund

Skill      XL: |  1  2  3  4  5  6 |
---------------+-------------------+-----
Fighting       | 1 2 3 |  3.8
Dodging        | 1 2 3 |  3.8
Spellcasting   | 1 2 3 |  3.0
Conjurations   | 2 |  2.6
Shields        | |  1.0
Fire Magic     | |  2.0
Earth Magic    | |  4.0
Poison Magic   | |  2.4
Evocations     | |  1.1

Action                   |  1- 3 |  4- 6 |  7- 9 || total
-------------------------+-------+-------+-------++-------
Melee: Club              |    41 |    44 |       ||    85
       Constrict         |    12 |    44 |       ||    56
       Tentacles         |     8 |    41 |     1 ||    50
       Dagger            |       |   113 |     6 ||   119
       Rapier            |       |     6 |       ||     6
 Cast: Sandblast         |       |    13 |    13 ||    26
       Stone Arrow       |       |     2 |     3 ||     5
  Use: Potion            |       |     3 |       ||     3
       Scroll            |       |     6 |       ||     6
 Stab: Sleeping          |     2 |     7 |       ||     9
       Distracted        |       |     2 |       ||     2
Armor: Skin              |     5 |     9 |     1 ||    15
Dodge: Dodged            |    37 |    85 |     8 ||   130

Table legend: (Time is in decaauts)
 A = Elapsed time spent in this place.
 B = Non-inter-level travel time spent in this place.
 C = Inter-level travel time spent in this place.
 D = Time resting spent in this place.
 E = Time spent auto-exploring this place.
 F = Levels seen in this place.
 G = Mean time per level.
                   A        B        C        D        E       F      G
               +--------+--------+--------+--------+--------+-----+--------+
         Total |   6915 |   6613 |    302 |   2233 |   3277 |   4 | 1728.8 |
       Dungeon |   6915 |   6613 |    302 |   2233 |   3277 |   4 | 1728.8 |
               +--------+--------+--------+--------+--------+-----+--------+

Top non-repeatable levels by time:
     D:3: 2939 daAuts
     D:2: 2193 daAuts
     D:1: 1026 daAuts
     D:4: 755 daAuts
